AoeStats
← KOSOVAR

Arena

508902259Analyzed
1v1 RM · 9d ago on Sep 24, 2026· 54m 37s· 2 players
Game mode
Random Map
Map size
Tiny (2 player)
Population
200
Speed
Normal
Resources
Standard
Victory
Conquest
Starting age
Dark Age
Ending age
Imperial Age
RankedLock teamsTeams togetherTeam positionsShared explorationLock speedFull tech treeHidden civsTurbo modeCheats
Victory
Defeat
🇵🇱 Byzantines · Poland
688
+14
🇪🇸 Bohemians · Spain
648
-14
KOSOVAR
7:12 Loom
10:59 Feudal Age
11:30 Double-Bit Axe
19:18 Castle Age
18:59 Horse Collar
19:43 Padded Archer Armor
19:39 Fletching
23:46 Bow Saw
25:31 Pikeman
27:29 Chemistry
26:52 Ballistics
28:57 Wagenburg Tactics
29:43 Wheelbarrow
31:37 Leather Archer Armor
31:23 Scale Mail Armor
31:34 Forging
32:51 Hand Cart
35:01 Heavy Plow
38:21 Imperial Age
38:14 Iron Casting
37:55 Chain Mail Armor
37:49 Murder Holes
38:43 Halberdier
39:49 Conscription
41:16 Plate Mail Armor
41:47 Blast Furnace
42:35 Houfnice
46:54 Siege Engineers
49:30 Two-Man Saw
51:44 Hussite Reforms
52:13 Block Printing
52:19 Block Printing
52:25 Redemption
52:56 Theocracy
52:53 Sanctity
52:47 Fervor
Lewy6594
4:41 Loom
11:20 Feudal Age
11:49 Double-Bit Axe
11:45 Horse Collar
13:11 Wheelbarrow
14:36 Gold Mining
22:08 Castle Age
20:40 Forging
20:40 Stone Mining
21:06 Scale Barding Armor
22:59 Bow Saw
22:49 Heavy Plow
25:35 Gold Shaft Mining
25:37 Stone Shaft Mining
26:42 Hand Cart
27:17 Fervor
28:59 Chain Barding Armor
29:42 Fletching
31:33 Ballistics
31:09 Murder Holes
31:11 Bodkin Arrow
34:12 Imperial Age
32:47 Iron Casting
33:01 Husbandry
34:29 Fortified Wall
35:58 Chemistry
34:26 Elite Cataphract
35:28 Conscription
35:56 Treadmill Crane
37:04 Crop Rotation
37:51 Logistica
40:03 Plate Barding Armor
41:57 Two-Man Saw
46:12 Hoardings
45:41 Bracer
Connection lost

Rejoining the realm…

Still unreachable

The connection could not be restored.

Session expired

The server has moved on; the page needs a fresh start.